AoeStats
← Bongo12

Northern Isles

510304062Analyzed
1v1 RM · 14h ago on Sep 30, 2026· 55m 0s· 2 players
Game mode
Random Map
Map size
Tiny (2 player)
Population
200
Speed
Normal
Resources
Standard
Victory
Conquest
Starting age
Dark Age
Ending age
Imperial Age
RankedLock teamsTeams togetherTeam positionsShared explorationLock speedFull tech treeHidden civsTurbo modeCheats
Victory
Defeat
🇳🇿 Burgundians · New Zealand
1128
+16
感谢天赐的蒙昧让我逃离这漆黑
10:53 Feudal Age
11:26 Double-Bit Axe
11:39 Fishing Lines
12:24 Man-at-Arms
12:50 Arson
16:57 Loom
20:48 Castle Age
19:38 Scale Mail Armor
19:49 Forging
20:10 Gold Mining
21:24 Gillnets
21:53 Town Watch
22:49 Bow Saw
25:29 Fletching
25:55 Chain Mail Armor
25:43 Squires
27:05 Bodkin Arrow
35:37 Gold Shaft Mining
36:25 Stone Mining
38:14 Iron Casting
37:40 Padded Archer Armor
38:18 Ballistics
42:30 Imperial Age
41:23 Town Patrol
43:12 Bracer
43:35 Conscription
45:03 Chemistry
45:37 Bogsveigar
46:46 Siege Engineers
46:10 Elite Longship
53:04 Two-Man Saw
Bongo12
5:30 Double-Bit Axe
12:11 Feudal Age
13:54 Fletching
15:19 Loom
18:14 Castle Age
17:37 Scale Barding Armor
18:17 Light Cavalry
19:21 Bow Saw
18:53 Horse Collar
23:27 Wheelbarrow
27:09 Hand Cart
27:28 Town Watch
32:54 Imperial Age
31:53 Two-Man Saw
31:23 Bodkin Arrow
32:14 Heavy Plow
32:44 Ballistics
35:01 Chemistry
34:45 Crop Rotation
36:20 Bombard Tower
38:40 Bracer
42:02 Masonry
45:28 Architecture
49:31 Town Patrol
53:19 Capped Ram
Connection lost

Rejoining the realm…

Still unreachable

The connection could not be restored.

Session expired

The server has moved on; the page needs a fresh start.